AoeStats
← KakashiSenpai

Arabia

506561582Analyzed
3v3 RM · 20d ago on Sep 14, 2026· 51m 57s· 6 players
Game mode
Random Map
Map size
Normal (6 player)
Population
200
Speed
Normal
Resources
Standard
Victory
Conquest
Starting age
Dark Age
Ending age
Imperial Age
RankedLock teamsTeams togetherTeam positionsShared explorationLock speedFull tech treeHidden civsTurbo modeCheats
Victory
Defeat
🇺🇸 Slavs · United States
1052
+14
🇵🇪 Sicilians · Peru
993
+16
🇹🇼 Tupi · Taiwan
982
+17
🇨🇴 Ethiopians · Colombia
1068
-18
🇨🇴 Khmer · Colombia
984
-15
🇨🇴 Cumans · Colombia
965
-14
TomahawkAssassN
8:06 Loom
9:52 Feudal Age
14:34 Bloodlines
16:40 Double-Bit Axe
17:32 Scale Barding Armor
20:44 Forging
20:20 Horse Collar
23:20 Castle Age
21:43 Stone Mining
24:04 Heavy Plow
24:11 Husbandry
26:02 Iron Casting
25:28 Gold Mining
26:25 Bow Saw
29:35 Fletching
33:47 Wheelbarrow
34:40 Bodkin Arrow
36:40 Murder Holes
37:08 Ballistics
38:11 Chain Barding Armor
38:48 Gold Shaft Mining
39:11 Detinets
40:07 Hand Cart
43:03 Imperial Age
43:22 Imperial Age
45:12 Plate Barding Armor
45:37 Blast Furnace
44:52 Elite Boyar
45:55 Conscription
47:26 Town Watch
48:49 Two-Man Saw
48:25 Crop Rotation
49:50 Masonry
49:47 Siege Engineers
OuO
11:10 Feudal Age
9:39 Loom
13:53 Double-Bit Axe
13:51 Horse Collar
20:03 Castle Age
21:02 Fletching
23:11 Bow Saw
28:37 Ballistics
28:26 Bodkin Arrow
32:27 Heavy Plow
32:21 Stone Mining
33:28 Padded Archer Armor
34:53 Leather Archer Armor
40:30 Imperial Age
38:14 Town Watch
40:52 Wheelbarrow
42:24 Conscription
44:04 Chemistry
45:05 Pikeman
45:46 Squires
45:32 Arson
45:59 Elite Blackwood Archer
48:41 Hand Cart
48:27 Town Patrol
49:07 Halberdier
50:22 Forging
50:13 Scale Mail Armor
51:56 Bracer
52:31 Iron Casting
52:12 Chain Mail Armor
KakashiSenpai
7:38 Loom
10:20 Feudal Age
13:47 Town Watch
19:43 Forging
19:34 Scale Mail Armor
24:18 Castle Age
22:43 Double-Bit Axe
23:58 Fletching
24:36 Padded Archer Armor
29:02 Wheelbarrow
30:21 Wheelbarrow
31:47 Scale Barding Armor
31:43 Horse Collar
32:07 Pikeman
36:01 Gold Mining
36:32 Bow Saw
38:04 First Crusade
39:19 Iron Casting
40:13 Gold Shaft Mining
41:00 Chain Mail Armor
40:41 Bodkin Arrow
41:02 Leather Archer Armor
41:09 Ballistics
40:45 Murder Holes
46:12 Imperial Age
43:55 Masonry
44:03 Hand Cart
43:48 Town Patrol
44:06 Stone Mining
46:21 Halberdier
47:01 Squires
47:21 Heavy Plow
48:44 Chemistry
48:33 Stone Shaft Mining
49:03 Blast Furnace
48:03 Bracer
48:34 Plate Mail Armor
48:24 Chain Barding Armor
47:45 Capped Ram
48:49 Conscription
48:38 Siege Ram
49:04 Onager
51:07 Arson
51:17 Siege Onager
52:58 Crop Rotation
divineslain
4:58 Loom
9:29 Feudal Age
12:02 Double-Bit Axe
19:20 Bloodlines
21:49 Horse Collar
27:06 Castle Age
25:46 Wheelbarrow
28:31 Bow Saw
28:37 Gold Mining
29:33 Scale Barding Armor
29:38 Forging
31:44 Chain Barding Armor
33:52 Gold Shaft Mining
33:08 Stone Mining
37:44 Imperial Age
35:55 Wheelbarrow
38:39 Iron Casting
38:18 Cavalier
39:38 Plate Barding Armor
40:05 Paladin
50:40 Blast Furnace
Cardenalion
6:00 Loom
9:44 Feudal Age
10:25 Double-Bit Axe
10:37 Horse Collar
13:20 Fletching
14:12 Gold Mining
16:19 Padded Archer Armor
27:26 Castle Age
26:59 Scale Mail Armor
27:09 Forging
27:29 Crossbowman
28:15 Thumb Ring
28:10 Bodkin Arrow
31:27 Leather Archer Armor
32:40 Wheelbarrow
31:51 Town Watch
34:11 Chain Mail Armor
34:32 Iron Casting
36:17 Bow Saw
36:05 Stone Mining
36:55 Ballistics
37:14 Elite Skirmisher
47:23 Imperial Age
47:46 Halberdier
48:27 Squires
49:50 Arson
JoseAli
9:44 Feudal Age
8:09 Loom
10:22 Double-Bit Axe
13:00 Scale Barding Armor
26:10 Castle Age
24:59 Stone Mining
37:58 Wheelbarrow
43:03 Imperial Age
46:39 Gold Mining
51:42 Chemistry
50:07 Elite Skirmisher
Connection lost

Rejoining the realm…

Still unreachable

The connection could not be restored.

Session expired

The server has moved on; the page needs a fresh start.